AoeStats
← Maty

Arabia

505121192Analyzed
1v1 RM · 24d ago on Sep 7, 2026· 27m 44s· 2 players
Game mode
Random Map
Map size
Tiny (2 player)
Population
200
Speed
Normal
Resources
Standard
Victory
Conquest
Starting age
Dark Age
Ending age
Imperial Age
RankedLock teamsTeams togetherTeam positionsShared explorationLock speedFull tech treeHidden civsTurbo modeCheats
Victory
Defeat
🇪🇨 Burmese · Ecuador
1869
+11
🇦🇷 Tatars · Argentina
1762
-11
ram0ff
6:32 Loom
9:04 Feudal Age
11:26 Double-Bit Axe
20:35 Castle Age
19:20 Gold Mining
21:38 Bow Saw
26:18 Fletching
Maty
8:36 Loom
11:08 Feudal Age
12:08 Man-at-Arms
20:20 Castle Age
18:37 Bloodlines
18:09 Horse Collar
19:36 Scale Barding Armor
20:15 Forging
20:03 Gold Mining
21:48 Chain Barding Armor
23:07 Wheelbarrow
23:27 Town Watch
24:10 Husbandry
Connection lost

Rejoining the realm…

Still unreachable

The connection could not be restored.

Session expired

The server has moved on; the page needs a fresh start.